 Dungeon Crawl Stone Soup version 0.31-a0-210-gccc998df9b (webtiles) character file.

Game seed: 4868921937683598519

64 qw the Chopper (level 4, -1/28 HPs)
             Began as a Gargoyle Fighter on June 29, 2023.
             Slain by a cerulean imp
             ... wielding a +1 spear
             ... summoned by Natasha
              (3 damage)
             ... on level 2 of the Dungeon.
             The game lasted 00:00:31 (911 turns).

qw the Chopper (Gargoyle Fighter)                    Turns: 911, Time: 00:00:31

Health: -1/28      AC: 11    Str: 21    XL:     4   Next: 12%
Magic:  4/4        EV:  9    Int:  9    God:
Gold:   55         SH:  4    Dex:  9    Spells: 3/3 levels left

rFire   . . .        Y - +0 war axe
rCold   . . .        c - +0 buckler
rNeg    + . .        b - +0 scale mail
rPois   inf          (no helmet)
rElec   +            e - +0 cloak
rCorr   .            (no gloves)
SInv    .            (no boots)
Will    .....        f - amulet of regeneration Stlth
                     (no ring)
HPRegen 1.04/turn    (no ring)
MPRegen 0.09/turn

%: no passive effects
@: no status effects
A: sickness immunity, AC +3, negative energy resistance 1, electricity
resistance, torment resistance 1, petrification resistance
a: no special abilities


You were on level 2 of the Dungeon.
You visited 1 branch of the dungeon, and saw 2 of its levels.

You collected 55 gold pieces.


Innate Abilities, Weirdness & Mutations

You are immune to sickness and miasma.
Your stone body is resilient. (AC +3)
You are immune to poison.
You resist negative energy. (rN+)
You are resistant to electric shocks. (rElec)
You are resistant to unholy torment.
You are immune to petrification.


   Skills:
 - Level 3.2 Fighting
 + Level 3.9 Axes
 - Level 3.2 Armour
 - Level 3.2 Shields


You had 3 spell levels left.
You didn't know any spells.
Your spell library was empty.

Inventory:

Hand Weapons
 k - a +0 whip
 Y - a +0 war axe (weapon)
Armour
 b - a +0 scale mail (worn)
 c - a +0 buckler (worn)
 e - a +0 cloak (worn)
 g - a +0 helmet
Jewellery
 f - an amulet of regeneration (around neck)
Scrolls
 a - a scroll of identify
Potions
 d - a potion of might

Dungeon Overview and Level Annotations

Branches:
Dungeon (2/15)

Altars:

Annotations:
D:2 Natasha, Sigmund


Message History

You hit the goblin.
You kill the goblin!
g - a +0 helmet
Items here: %%%% ))))) [.
You now have 55 gold pieces (gained 11).
You open the door.
A kobold comes into view. It is wielding a +0 dagger.
898 ||| Stepping ~*~*~tactically~*~*~ (stealth).
Found a stone staircase leading down.
A kobold is nearby!
The kobold shouts!
Sigmund the Dreaded comes into view.
He is wielding a +0 scythe.
Natasha, Servant of Life and Death comes into view.
Natasha hisses angrily.
Sigmund shouts!
Sigmund casts a spell.
Sigmund flickers and vanishes!
Deactivating autopickup; reactivate with Ctrl-A.
You hear an angry hiss.
You barely miss the kobold. You block the kobold's attack.
Natasha mumbles some strange words.
The kobold hits you with a +0 dagger.
You closely miss the kobold. The kobold hits you but does no damage.
Something hits you.
You hit the kobold but do no damage. You block the kobold's attack.
An adder comes into view.
Something hits you! Natasha claws you but does no damage.
The cerulean imp barely misses you. The kobold hits you but does no damage.
You hit Natasha but do no damage. You barely miss the kobold.
Natasha casts a spell.
The cerulean imp hits you but does no damage.
The kobold hits you but does no damage. Something hits you!
You slash Natasha!
Natasha is severely wounded.
You barely miss the kobold. Natasha claws you!
You block the cerulean imp's attack. The kobold hits you but does no damage.
Something hits you. Natasha claws you.
The cerulean imp hits you from afar with a +1 spear.
You die...

#.. #.# ### ##.# #.# ..#
#... #.# #.# #... #.#
#.# ###... # ###.# #.#
#..... ..#.#...###
###'###...%% .....5....#
#........... ....S.K@..#
#........)))
###..5h...###......###..
#.#..............# #.)
..>.................+..
# ######..###...######..
##.. #...# #.. ###.#...#
### .'...'. ##...###


You could see Natasha, 2 cerulean imps, an adder and a kobold.

Vanquished Creatures
  Robin (D:2)
  2 adders
  An endoplasm (D:1)
  11 goblins
  3 hobgoblins
  3 jackals (D:1)
  4 ball pythons
  3 bats
  A frilled lizard (D:1)
  2 kobolds
  2 rats
33 creatures vanquished.

Notes
Turn   | Place    | Note
-------+----------+-------------------------------------------
     0 | D:1      | qw the Gargoyle Fighter began the quest for the Orb.
     0 | D:1      | Reached XP level 1. HP: 14/14 MP: 1/1
     0 | D:1      | 0 ||| qw: Version: 0.3-a-24-ga2abf7b
     0 | D:1      | 0 ||| qw: Game counter: 6826
     0 | D:1      | 0 ||| qw: Melee chars always use a shield: true
     0 | D:1      | 0 ||| qw: God list: Okawaru
     0 | D:1      | 0 ||| qw: Allow faded altars: false
     0 | D:1      | 0 ||| qw: Do Orc after clearing Dungeon:15 true
     0 | D:1      | 0 ||| qw: Do second Lair branch before Depths: true
     0 | D:1      | 0 ||| qw: Lair rune preference: random
     0 | D:1      | 0 ||| qw: Goals: Normal, Zot:1-4, Slime:5, God:TSO, Crypt,
                  | Tomb, Abyss, Pan, Hells, Win
     0 | D:1      | 0 ||| PLANNING D:1-11
   175 | D:1      | Reached XP level 2. HP: 19/19 MP: 2/2
   311 | D:1      | 311 ||| DROPPING +0 club.
   679 | D:1      | Found a faded altar of an unknown god.
   743 | D:1      | 743 ||| UPGRADING to +0 cloak.
   748 | D:1      | 748 ||| UPGRADING to amulet of regeneration.
   753 | D:1      | 753 ||| READING 3 scrolls labelled UHYTATHRUFA.
   754 | D:1      | 754 ||| READING scroll labelled APPOOS HEWKOPP.
   755 | D:1      | 755 ||| READING scroll labelled NOKLIF METAYD.
   756 | D:1      | 756 ||| READING 2 scrolls of identify.
   756 | D:1      | 756 ||| IDENTIFYING dark potion
   757 | D:1      | 757 ||| DROPPING potion of degeneration.
   813 | D:2      | 813 ||| STAIRDANCE
   817 | D:1      | Reached skill level 3 in Axes
   817 | D:1      | Reached XP level 3. HP: 23/23 MP: 3/3
   857 | D:2      | 857 ||| Stepping ~*~*~tactically~*~*~ (stealth).
   858 | D:2      | 858 ||| Stepping ~*~*~tactically~*~*~ (stealth).
   867 | D:2      | Noticed Robin
   875 | D:2      | Killed Robin
   876 | D:2      | Reached XP level 4. HP: 28/28 MP: 4/4
   898 | D:2      | 898 ||| Stepping ~*~*~tactically~*~*~ (stealth).
   904 | D:2      | Noticed Sigmund
   905 | D:2      | Noticed Natasha
   911 | D:2      | HP: 4/28 [something (4)]
   911 | D:2      | Slain by a cerulean imp

Levels and vault maps discovered:
D:1:      amcnicky_arrival_wind_blow, layout_loops_ring,
          shapermc_ecumenical_altar_mp_vishouse, hangedman_decor_diamond_cutter,
          fountainhead, st_stairs_6
D:2:      layout_basic, nicolae_nh_oracle_at_delphi, uniq_robin, uniq_natasha,
          uniq_sigmund

Skill      XL: |  1  2 |
---------------+-------+-----
Axes           | 2 3 |  3.9
Fighting       | |  3.2
Armour         | |  3.2
Shields        | |  3.2

Action                     |  1- 3 |  4- 6 || total
---------------------------+-------+-------++-------
  Melee: War axe           |    77 |     8 ||    85
    Use: Scroll            |     4 |       ||     4
 Armour: Scale mail        |    44 |     7 ||    51
  Dodge: Dodged            |    48 |     2 ||    50
  Block: Buckler           |    18 |     3 ||    21

Table legend:
 A = Non-vault XP
 B = Vault XP
 C = Vault XP percentage of total XP
 D = Non-vault monster count
 E = Vault monster count
 F = Vault count percentage of total count
                 A         B        C        D         E       F
            +---------+---------+-------+---------+---------+-------
      Total |      53 |      39 |  42.4 |      20 |      13 |  39.4
            +---------+---------+-------+---------+---------+-------
        D:1 |      35 |       2 |   5.4 |      15 |       1 |   6.2
        D:2 |      18 |      37 |  67.3 |       5 |      12 |  70.6
            +---------+---------+-------+---------+---------+-------
